 Dungeon Crawl Stone Soup version 0.18.1-50-g88ac8fd (webtiles) character file.

41662 Cokeysmoke the Fencer (level 13, -1/124 HPs)
             Began as a Minotaur Berserker on Oct 27, 2016.
             Was an Elder of Trog.
             Succumbed to a swamp dragon's poison gas
             ... on level 1 of the Swamp.
             The game lasted 02:33:28 (16501 turns).

Cokeysmoke the Fencer (Minotaur Berserker)         Turns: 16501, Time: 02:33:29

Health: -1/124     AC: 32    Str: 26    XL:     13   Next: 81%
Magic:  12/12      EV: 12    Int:  4    God:    Trog [****..]
Gold:   1013       SH:  2    Dex:  9    Spells: 0 memorised, 12 levels left

rFire  + + +     SeeInvis +     l - +4 scimitar (flame)
rCold  + + .     Gourm    .     n - +5 plate armour {rF+}
rNeg   . . .     Faith    .     (no shield)
rPois  .         Spirit   .     (helmet restricted)
rElec  .         Dismiss  .     q - +0 cloak
rCorr  .         Reflect  +     k - +1 pair of gloves
SustAt .         Harm     .     K - +0 pair of boots
MR     ++...     Clarity  +     C - amulet of the Jolly Curses {Reflect rF++ rC+ SH+2 Stlth+}
Stlth  ..........               H - ring of see invisible
                                F - +3 ring of protection

@: lethally poisoned (-1 -> -14), regenerating, very resistant to hostile
enchantments, extremely unstealthy
A: retaliatory headbutt, fangs 1, horns 2, talons 1, repulsion field 1, thin
metallic scales 1, clarity, clumsy 1, cold resistance 1, wild magic 1, evolution
2
a: Berserk, Trog's Hand, Brothers in Arms, Burn Spellbooks, Renounce Religion


You were on level 1 of the Swamp.
You worshipped Trog.
Trog was greatly pleased with you.
You were hungry.

You visited 3 branches of the dungeon, and saw 16 of its levels.
You also visited: Labyrinth and Volcano.

You collected 1107 gold pieces.
You spent 94 gold pieces at shops.

Inventory:

Hand Weapons
 b - a +4 great sword of slicing
 l - a +4 scimitar of flaming (weapon)
 t - the +7 short sword "Newtbane" {drain, rElec rN+++ MP+9 Str-4}
   (You took it off a minotaur in a labyrinth)

   A truly terrible weapon, it drains the life of those it strikes.
   It affects your strength (-4).
   It insulates you from electricity.
   It renders you almost immune to negative energy.
   It affects your magic capacity (+9).
Missiles
 d - 4 poisoned javelins (quivered)
 p - 12 tomahawks
 z - 2 javelins
 I - a throwing net
 J - 3 javelins of penetration
 L - 8 tomahawks of dispersal
Armour
 k - a +1 pair of gloves (worn)
 n - a +5 plate armour of fire resistance (worn)
 q - a +0 cloak (worn)
 v - a +2 leather armour of poison resistance
 x - a +1 chain mail of magic resistance
 K - a +0 pair of boots (worn)
 R - a +0 shield
Jewellery
 C - the amulet of the Jolly Curses (around neck) {Reflect rF++ rC+ SH+2 Stlth+}
   (You found it on level 9 of the Dungeon)

   [amulet of reflection]

   It shields you and reflects attacks.
   It greatly protects you from fire.
   It protects you from cold.
   It affects your SH (+2).
   It makes you more stealthy.
 F - a +3 ring of protection (left hand)
 H - a ring of see invisible (right hand)
 N - an uncursed ring of protection from fire
Wands
 a - a wand of iceblast (6/15)
 f - a wand of iceblast (8/15)
 D - a wand of random effects (14/48)
 E - a wand of lightning (0/15)
 O - a wand of iceblast (7/15)
Scrolls
 e - a scroll of identify
 g - a scroll of fear
 o - a scroll of magic mapping
 u - 5 scrolls of remove curse
 y - 7 scrolls of teleportation
Potions
 A - 2 potions of brilliance
 G - 2 potions of berserk rage
Comestibles
 c - 3 bread rations
 h - 9 meat rations
 i - 11 fruits
 j - 3 slices of pizza
 B - 4 royal jellies
 M - 3 beef jerkies


   Skills:
 + Level 14.2 Fighting
 + Level 15.9 Long Blades
 + Level 7.2 Throwing
 + Level 14.9 Armour
 + Level 6.5 Dodging
 + Level 2.3 Shields
 - Level 0.8 Evocations


You had 12 spell levels left.
You didn't know any spells.

Dungeon Overview and Level Annotations

Branches:
Dungeon (11/15)            Temple (0/1) D:4            Lair (4/8) D:11
  Swamp (1/4) Lair:4        Snake (0/4) Lair:4
    Orc: D:9-12

Altars:
Cheibriados
Gozag
Makhleb
Qazlal
Ru
Sif Muna
The Shining One

Shops:
D:6 [


Innate Abilities, Weirdness & Mutations

You reflexively headbutt those who attack you in melee.
You have a pair of horns on your head.
You have very sharp teeth.
You have sharp toenails.
You are surrounded by a mild repulsion field (EV +2).
You are partially covered in thin metallic scales (AC +2).
You possess an exceptional clarity of mind.
You are clumsy. (Dex -2)
Your flesh is cold resistant.
Your spells are a little harder to cast, but a little more powerful.
You rapidly evolve.


Message History

* * * LOW HITPOINT WARNING * * *
The swamp dragon tramples you.
* * * LOW HITPOINT WARNING * * *
You stumble backwards!
Splash!
You fall into the shallow water.
Moving in this stuff is going to be slow.
As you read the scroll of fear, it crumbles to dust.
You assume a fearsome visage.
The three-headed hydra looks frightened!
The swamp dragon looks frightened!
* * * LOW HITPOINT WARNING * * *
You feel very sick.
Unknown command.
* * * LOW HITPOINT WARNING * * *
You feel very sick.
You fail to use your ability.
* * * LOW HITPOINT WARNING * * *
You feel very sick.
You die...

♣♣♣♣♣♣♣♣♣ ♣♣.D...§.♣
♣§..≈≈).@♣
♣♣♣♣(.≈≈.♣♣♣♣♣♣♣♣♣♣♣♣♣♣♣
♣♣♣...≈.≈..♣♣♣♣♣.........♣
♣♣≈.>.♣♣♣≈.†..♣♣...#..##...
.♣♣.)...♣ ♣.≈≈......÷....P#
...≈.≈♣♣♣
♣.......##÷..≈♣..# ...≈≈<†♣
♣♣♣♣♣≈.#i♣†..♣...≈ ..≈≈≈≈.♣
♣♣.#...≈.≈P≈..P ≈§.≈≈.♣♣
♣.#.♣♣.≈≈≈≈.!.


You could see a swamp dragon (fleeing).

Vanquished Creatures
  A thorn hunter (Swamp:1)
  A minotaur (Lab)
  Josephine (D:11)
  A naga warrior (Lair:4)
  A hydra (Lair:4)
  Erica (D:9)
  The ghost of rekpake the Blocker, a novice HOFi of Beogh (D:9)
  A tengu warrior (D:11)
  Nergalle (Lair:1)
  A swamp dragon (Swamp:1)
  2 unseen horrors (D:11)
  Pikel (D:6)
  An ugly thing (D:11)
  2 hill giants
  2 deep elf magi (Volcano)
  2 cyclopes (D:11)
  A black mamba (Lair:3)
  5 spiny frogs
  3 centaur skeletons
  3 kobold demonologists (D:11)
  4 komodo dragons
  2 trolls (D:10)
  2 giant leeches (Swamp:1)
  A polar bear (Lair:4)
  Prince Ribbit (D:9)
  4 slime creatures (D:11)
  A two-headed ogre (D:10)
  11 blink frogs
  A bog body (Swamp:1)
  A shadow (D:11)
  6 spriggans
  A wyvern (D:10)
  39 yaks
  4 wraiths (D:11)
  A hog (Volcano)
  Grum (D:9)
  A fire bat (Volcano)
  3 hippogriffs (Lair:3)
  4 hungry ghosts
  4 vampire mosquitoes (Swamp:1)
  Menkaure (D:4)
  A soldier ant (D:8)
  A hell hound (Volcano)
  5 nagas (Lair:4)
  4 porcupines
  7 water moccasins
  2 swamp drakes (Swamp:1)
  4 sky beasts
  5 orc warriors
  A black bear (Lair:4)
  7 wasps
  The ghost of Cokeysmoke the Covered, an amateur HOFi of Pakellas (D:4)
  An ice beast (D:9)
  5 ogres
  16 wolves
  7 centaurs
  2 crocodiles
  2 phantoms
  A big kobold (D:11)
  9 giant frogs
  3 wyvern skeletons
  8 wights
  4 howler monkeys
  5 crimson imps
  A centaur zombie (D:8)
  A quasit (D:9)
  2 giant frog zombies (D:8)
  5 jellies
  9 hounds
  3 orc priests
  4 giant frog skeletons
  7 orc wizards
  5 iguanas
  6 worker ants
  6 sheep (Lair:2)
  A hound skeleton (D:6)
  A worker ant zombie (D:5)
  4 gnolls (D:4)
  13 adders
  A howler monkey skeleton (D:7)
  39 river rats
  2 shadow imps
  An ooze (D:5)
  2 adder skeletons
  2 worms
  3 dart slugs
  5 giant geckos
  35 orcs
  3 bats
  6 giant cockroaches
  9 goblins
  6 hobgoblins
  7 kobolds
  5 quokkas
  2 giant gecko skeletons
  6 giant newts
  2 quokka skeletons
  6 rats
436 creatures vanquished.

Vanquished Creatures (collateral kills)
  Sonja (Lair:2)
  5 blink frogs (Lair:2)
  A yak (Lair:2)
  A redback (Lab)
  A basilisk (Lair:2)
  2 nagas (Lair:4)
  A black bear (Lair:2)
  2 wolves (Lair:4)
  3 river rats (Lair:4)
17 creatures vanquished.

Vanquished Creatures (others)
  A slave (D:6)
  An orc (D:6)
  4 fungi
  3 plants
  5 toadstools (Swamp:1)
14 creatures vanquished.

Grand Total: 467 creatures vanquished

Notes
Turn   | Place    | Note
--------------------------------------------------------------
     0 | D:1      | Cokeysmoke the Minotaur Berserker began the quest for the Orb.
     0 | D:1      | Reached XP level 1. HP: 19/19 MP: 0/0
   353 | D:1      | Reached XP level 2. HP: 27/27 MP: 1/1
  1124 | D:2      | Reached skill level 4 in Long Blades
  1208 | D:2      | Reached XP level 3. HP: 34/34 MP: 2/2
  1282 | D:2      | Found a glowing golden altar of the Shining One.
  1834 | D:3      | Reached ** piety under Trog
  2016 | D:3      | Reached XP level 4. HP: 25/41 MP: 3/3
  2195 | D:3      | Gained mutation: You passively map a small area around you. [potion of mutation]
  2195 | D:3      | Gained mutation: Your muscles are strong. (Str +2) [potion of mutation]
  2195 | D:3      | Lost mutation: You passively map a small area around you. [potion of mutation]
  2430 | D:3      | Reached XP level 5. HP: 47/47 MP: 4/4
  2524 | D:3      | Reached skill level 5 in Long Blades
  2576 | D:3      | Reached *** piety under Trog
  2576 | D:3      | Reached skill level 5 in Fighting
  2964 | D:4      | Noticed Cokeysmoke's ghost (amateur HOFi)
  2971 | D:4      | Killed Cokeysmoke's ghost
  3051 | D:4      | Reached XP level 6. HP: 53/56 MP: 5/5
  3115 | D:4      | Found a snail-covered altar of Cheibriados.
  3231 | D:4      | Found a deep blue altar of Sif Muna.
  3232 | D:4      | Found an opulent altar of Gozag.
  3232 | D:4      | Found a glowing golden altar of the Shining One.
  3605 | D:4      | Reached skill level 5 in Armour
  3677 | D:4      | Noticed Menkaure
  3681 | D:4      | Killed Menkaure
  3681 | D:4      | Reached skill level 6 in Long Blades
  3681 | D:4      | Reached XP level 7. HP: 61/62 MP: 6/6
  3696 | D:4      | Found a staircase to the Ecumenical Temple.
  3952 | D:5      | Entered Level 5 of the Dungeon
  5124 | D:6      | Noticed Pikel
  5127 | D:6      | Killed Pikel
  5127 | D:6      | Reached skill level 7 in Long Blades
  5127 | D:6      | Reached skill level 1 in Throwing
  5127 | D:6      | Reached XP level 8. HP: 71/71 MP: 7/7
  5347 | D:6      | Found a stormy altar of Qazlal.
  5633 | D:6      | Found Eseiss's Antique Armour Shop.
  5639 | D:6      | Bought a glowing chain mail for 94 gold pieces
  6012 | D:7      | Reached skill level 8 in Long Blades
  6058 | D:7      | Lost mutation: Your muscles are strong. (Str +2) [potion of cure mutation]
  6061 | D:7      | Gained mutation: Your flesh is cold resistant. [potion of mutation]
  6061 | D:7      | Gained mutation: You are surrounded by a mild repulsion field (EV +2). [potion of mutation]
  6061 | D:7      | Gained mutation: You are frail (-10% HP). [potion of mutation]
  6168 | D:8      | Reached XP level 9. HP: 67/72 MP: 8/8
  6194 | D:8      | Reached skill level 5 in Dodging
  6548 | D:8      | Reached **** piety under Trog
  6591 | D:8      | Gained mutation: You tend to lose your temper in combat. [mutagenic meat]
  6593 | D:8      | Gained mutation: You have sharp toenails. [mutagenic meat]
  6705 | D:8      | Gained mutation: You possess an exceptional clarity of mind. [mutagenic meat]
  6709 | D:8      | Gained mutation: You have a pair of large horns on your head. [mutagenic meat]
  6834 | D:8      | Reached skill level 9 in Long Blades
  6858 | D:9      | Noticed Erica
  6863 | D:9      | Killed Erica
  6891 | D:9      | Noticed rekpake's ghost (novice HOFi)
  6908 | D:9      | Killed rekpake's ghost
  6908 | D:9      | Reached XP level 10. HP: 81/81 MP: 9/9
  7003 | D:9      | Reached skill level 10 in Long Blades
  7010 | D:9      | Reached skill level 10 in Armour
  7021 | D:9      | Received a gift from Trog
  7282 | D:9      | Reached skill level 10 in Fighting
  7356 | D:9      | Found a sacrificial altar of Ru.
  7384 | D:9      | Got a heavily runed zirconium amulet
  7385 | D:9      | Identified the amulet of the Jolly Curses {Reflect rF++ rC+ SH+2 Stlth+} (You found it on level 9 of the Dungeon)
  7390 | D:9      | Noticed Grum
  7403 | D:9      | Killed Grum
  7469 | D:9      | Noticed Prince Ribbit
  7477 | D:9      | Killed Prince Ribbit
  7676 | D:9      | Gained mutation: You have very sharp teeth. [mutagenic meat]
  7677 | D:9      | Lost mutation: You tend to lose your temper in combat. [mutagenic meat]
  7739 | D:10     | Entered Level 10 of the Dungeon
  7837 | D:10     | Reached skill level 5 in Throwing
  8255 | D:10     | Reached skill level 11 in Long Blades
  8258 | D:10     | Reached ***** piety under Trog
  8258 | D:10     | Reached XP level 11. HP: 63/90 MP: 10/10
  8560 | D:10     | Noticed a hill giant
  8567 | D:10     | Killed a hill giant
  8812 | D:11     | Killed an unseen horror
  8860 | D:11     | Noticed a tengu warrior
  8869 | D:11     | Killed a tengu warrior
  8896 | D:11     | Gained mutation: You evolve. [mutagenic meat]
  8897 | D:11     | Gained mutation: You have razor-sharp toenails. [mutagenic meat]
  8898 | D:11     | Lost mutation: You have razor-sharp toenails. [mutagenic meat]
  8899 | D:11     | Gained mutation: Your spells are a little harder to cast, but a little more powerful. [mutagenic meat]
  8943 | D:11     | Noticed a green ugly thing
  8953 | D:11     | Killed a green ugly thing
  9020 | D:11     | Received a gift from Trog
  9020 | D:11     | Reached skill level 12 in Long Blades
  9156 | D:11     | Found a staircase to the Lair.
  9409 | D:11     | Noticed a hill giant
  9411 | D:11     | Received a gift from Trog
  9433 | D:11     | Killed a hill giant
  9729 | D:11     | Killed an unseen horror
  9729 | D:11     | Reached XP level 12. HP: 70/100 MP: 11/11
  9850 | D:11     | Reached skill level 13 in Long Blades
 10010 | D:11     | Lost mutation: You are frail (-10% HP). [evolution]
 10342 | D:11     | Lost mutation: You have a pair of large horns on your head. [a neqoxec]
 10362 | D:11     | Noticed Josephine
 10368 | D:11     | Killed Josephine
 10507 | Lair:1   | Entered Level 1 of the Lair of Beasts
 10613 | Lair:1   | Noticed Nergalle
 10626 | Lair:1   | Killed Nergalle
 11009 | Lair:1   | Reached skill level 14 in Long Blades
 11199 | Lair:1   | Gained mutation: You rapidly evolve. [evolution]
 11507 | Lair:2   | Found a dark tunnel.
 11514 | Lair:2   | Noticed Sonja
 11546 | Volcano  | Entered a volcano
 11849 | Lair:2   | Killed Sonja
 12187 | Lair:2   | Found a burning altar of Makhleb.
 12565 | Lair:2   | Gained mutation: You are partially covered in thin metallic scales (AC +2). [evolution]
 12824 | Lair:2   | Received a gift from Trog
 13034 | Lair:3   | Gained mutation: You are clumsy. (Dex -2) [potion of mutation]
 13034 | Lair:3   | Gained mutation: Armour fits poorly on your strangely shaped body. [potion of mutation]
 13217 | Lair:3   | Reached XP level 13. HP: 101/122 MP: 12/12
 13562 | Lair:3   | Received a gift from Trog
 14293 | Lair:4   | Found a staircase to the Swamp.
 14318 | Lair:4   | Found a staircase to the Snake Pit.
 14323 | Lair:4   | Reached skill level 15 in Long Blades
 14447 | Lair:4   | Found a labyrinth entrance.
 14456 | Lab      | Entered a labyrinth
 14940 | Lab      | Noticed a minotaur
 14956 | Lab      | Killed a minotaur
 14959 | Lab      | Got an uncursed dazzling short sword {drain}
 15066 | Lab      | Identified the Grimoire of Yeast
 15067 | Lab      | Got a faintly humming leather armour
 15070 | Lab      | Identified the +7 short sword "Newtbane" {drain, rElec rN+++ MP+9 Str-4} (You took it off a minotaur in a labyrinth)
 15086 | Lab      | Identified the +3 leather armour "Exkuz" {rC- rCorr Str+6} (You found it in a labyrinth)
 15827 | Lair:4   | Received a gift from Trog
 16085 | Swamp:1  | Entered Level 1 of the Swamp
 16115 | Swamp:1  | Reached skill level 1 in Shields
 16168 | Swamp:1  | Noticed a thorn hunter
 16176 | Swamp:1  | Killed a thorn hunter
 16205 | Swamp:1  | Lost mutation: Armour fits poorly on your strangely shaped body. [evolution]
 16498 | Swamp:1  | HP: 6/124 [poisoned by a swamp dragon (poison gas)]
 16500 | Swamp:1  | HP: 2/124 [poisoned by a swamp dragon (poison gas)]
 16501 | Swamp:1  | Succumbed to a swamp dragon's poison gas

Skill      XL: |  1  2  3  4  5  6  7  8  9 10 11 12 13 |
---------------+----------------------------------------+-----
Fighting       | 4 5 6 7 9 10 12 13 14 | 14.2
Long Blades    | 4 5 6 7 8 9 11 12 14 15 | 15.9
Dodging        | 3 4 5 6 |  6.5
Armour         | 3 4 5 6 7 9 11 12 13 14 | 14.9
Throwing       | 1 2 4 5 6 7 |  7.2
Shields        | 2 |  2.3
Evocations     | |  0.8

Action                   |  1- 3 |  4- 6 |  7- 9 | 10-12 | 13-15 || total
-------------------------+-------+-------+-------+-------+-------++-------
Melee: Falchion          |    90 |    99 |   150 |       |       ||   339
       Headbutt          |    12 |    19 |    48 |   112 |    59 ||   250
       Kick              |       |       |    16 |    56 |       ||    72
       Scimitar          |       |       |    12 |   510 |    99 ||   621
       Spear             |       |       |       |    31 |       ||    31
       Bite              |       |       |       |    50 |    25 ||    75
       Great sword       |       |       |       |       |   216 ||   216
Throw: Stone             |     1 |       |     1 |       |       ||     2
       Javelin           |     2 |     8 |    16 |    35 |     1 ||    62
       Tomahawk          |       |       |       |    13 |    24 ||    37
       Throwing net      |       |       |       |       |     1 ||     1
Invok: Berserk           |       |     2 |     4 |     5 |     4 ||    15
       Burn Spellbooks   |       |       |       |     1 |     1 ||     2
       Brothers in Arms  |       |       |       |     4 |     6 ||    10
       Trog's Hand       |       |       |       |     3 |     4 ||     7
Evoke: Wand              |       |       |     2 |    19 |     3 ||    24
  Use: Scroll            |     7 |     2 |    11 |    12 |     7 ||    39
       Potion            |     4 |     5 |     4 |     8 |     3 ||    24
  Eat: Chunk             |     3 |     4 |    16 |    26 |     3 ||    52
       Bread ration      |       |     1 |     1 |       |     3 ||     5
       Beef jerky        |       |       |     1 |       |       ||     1
       Fruit             |       |       |     1 |       |       ||     1
       Royal jelly       |       |       |       |     4 |     2 ||     6
Armor: Animal skin       |     8 |       |       |       |       ||     8
       Scale mail        |    14 |       |       |       |       ||    14
       Chain mail        |    11 |    46 |     9 |       |       ||    66
       Skin              |       |     3 |       |    23 |       ||    26
       Plate armour      |       |       |    79 |   356 |   200 ||   635
Dodge: Dodged            |    51 |    43 |    64 |   258 |   158 ||   574
Block: Other             |       |       |       |    34 |    23 ||    57
       Reflection        |       |       |       |     1 |     1 ||     2
       Shield            |       |       |       |       |     5 ||     5
